 Dungeon Crawl Stone Soup version 0.28.0-53-g5a82cb258f (webtiles) character file.

Game seed: 14589103254594381001

28123 DemonSlayer the Thaumaturge (level 13, -11/135 HPs)
             Began as a Demonspawn Fire Elementalist on Aug 23, 2022.
             Was a High Priest of Cheibriados.
             Mangled by a phantasmal warrior (15 damage)
             ... led by a death knight
             ... on level 1 of the Lair of Beasts.
             The game lasted 01:03:04 (21126 turns).

DemonSlayer the Thaumaturge (DsFE)                 Turns: 21126, Time: 01:03:05

Health: -11/135    AC: 30    Str: 21    XL:     13   Next: 8%
Magic:  29/29      EV:  2    Int: 33    God:    Cheibriados [*****.]
Gold:   645        SH: 11    Dex: 26    Spells: 3/36 levels left

rFire   . . .      SeeInvis .   D - +4 spear (venom)
rCold   . . .      Faith    .   C - +0 buckler
rNeg    + . .      Spirit   .   (armour currently unavailable)
rPois   +          Reflect  .   (helmet currently unavailable)
rElec   .          Harm     .   (cloak currently unavailable)
rCorr   .          Rampage  .   (gloves currently unavailable)
Will    .....      NoTele   +   (boots currently unavailable)
Stlth   ++........              i - amulet of regeneration
HPRegen 1.12/turn               r - ring of positive energy
MPRegen 0.21/turn               k - +4 ring of protection

@: tree-form, silenced (expiring), weak-willed, studying Shields, very slow
A: stationary, stasis, torment immunity, boosted hp, (yellow scales 2), powered
by pain 2, condensation shield, (demonic touch 3)
a: Renounce Religion


You were on level 1 of the Lair of Beasts.
You worshipped Cheibriados.
Cheibriados was extremely pleased with you.
You were a tree.
You visited 4 branches of the dungeon, and saw 16 of its levels.
You also visited: Ossuary and Bailey.

You collected 1048 gold pieces.
You spent 403 gold pieces at shops.

Inventory:

Hand Weapons
 x - a +1 vorpal spear
 D - a +4 spear of venom (weapon)
Armour
 q - the +2 leather armour "Caqoton" (melded) {rC+ Stlth+}
   (You bought it in a shop on level 3 of the Dungeon)

   rC:        It protects you from cold.
   Stlth:     It makes you more stealthy.
 A - a +2 cloak of willpower (melded)
 C - a +0 buckler (worn)
 H - a +1 hat (melded)
Jewellery
 d - a +6 ring of dexterity
 i - an amulet of regeneration (around neck)
 k - a +4 ring of protection (right branch)
 l - an amulet of guardian spirit
 m - a +6 ring of dexterity
 r - a ring of positive energy (left branch)
 u - a ring of willpower
 v - a ring of see invisible
 B - an amulet of the acrobat
 F - a ring of flight
Wands
 c - a wand of paralysis (2)
 g - a wand of acid (1)
 n - a wand of flame (20)
 w - a wand of digging (5)
Scrolls
 a - a scroll of magic mapping
 b - 4 scrolls of teleportation
 e - a scroll of vulnerability {unknown}
 j - 3 scrolls of immolation
 o - 2 scrolls of identify
 p - 2 scrolls of amnesia
 s - a scroll of silence
Potions
 f - 2 potions of lignification
 h - 5 potions of flight
 E - 2 potions of brilliance


   Skills:
 + Level 4.6 Fighting
 + Level 1.0(1.2) Short Blades
 + Level 1.0(1.2) Long Blades
 + Level 1.5(3.1) Axes
 + Level 1.0(1.6) Maces & Flails
 + Level 3.9(4.1) Polearms
 + Level 1.0(2.7) Staves
 + Level 1.0(1.3) Slings
 + Level 1.0 Bows
 + Level 1.0 Crossbows
 + Level 1.1(1.3) Throwing
 + Level 2.4 Armour
 + Level 4.8 Dodging
 + Level 4.1 Stealth
 + Level 5.8 Shields
 + Level 1.1 Unarmed Combat
 + Level 12.0 Spellcasting
 + Level 4.3 Conjurations
 + Level 2.0 Hexes
 + Level 1.5 Summonings
 + Level 1.2 Necromancy
 + Level 1.0 Translocations
 + Level 1.0 Transmutations
 + Level 10.9 Fire Magic
 + Level 1.3 Ice Magic
 + Level 1.0 Air Magic
 + Level 1.6 Earth Magic
 + Level 1.8 Poison Magic
 + Level 1.5 Invocations
 + Level 2.4 Evocations


You had 3 spell levels left.
You knew the following spells:

 Your Spells              Type           Power      Damage    Failure   Level
a - Foxfire               Conj/Fire      100%       2x1d9     1%          1
b - Scorch                Fire           100%       2d10      1%          2
c - Conjure Flame         Conj/Fire      63%        6-21      1%          3
d - Flame Wave            Conj/Fire      63%        2d12      1%          4
e - Summon Guardian Gole  Hex/Summ       31%        N/A       4%          3
f - Ozocubu's Armour      Ice            29%        N/A       4%          3
g - Ozocubu's Refrigerat  Ice            14%        4d7       100%        7
h - Spellforged Servitor  Conj/Summ      19%        N/A       100%        7
i - Stone Arrow           Conj/Erth      78%        3d11      2%          3

Your spell library contained the following spells:

 Spells                   Type           Power      Damage    Failure   Level
 Animate Skeleton         Necr           56%        N/A       1%          1
 Pain                     Necr           100%       1d9       1%          1
 Inner Flame              Hex/Fire       58%        N/A       1%          3
 Corpse Rot               Necr/Air       54%        N/A       2%          2
 Poisonous Vapours        Pois/Air       58%        N/A       2%          2
 Tukima's Dance           Hex            33%        N/A       3%          3
 Call Canine Familiar     Summ           29%        N/A       4%          3
 Portal Projectile        Hex/Tloc       58%        N/A       4%          3
 Vampiric Draining        Necr           28%        2d8       5%          3
 Leda's Liquefaction      Hex/Erth       15%        N/A       14%         4
 Animate Armour           Summ/Erth      60%        N/A       16%         4
 Passage of Golubria      Tloc           26%        N/A       19%         4
 Yara's Violent Unravell  Hex/Tmut       14%        3d7       41%         5
 Summon Cactus Giant      Summ           14%        N/A       94%         6
 Orb of Destruction       Conj           24%        9d9       99%         7
 Lehudib's Crystal Spear  Conj/Erth      19%        10d6      100%        8


Dungeon Overview and Level Annotations

Branches:
Dungeon (12/15)            Temple (1/1) D:7            Lair (1/6) D:11
    Orc (2/2) D:11        Ossuary (visited)          Bailey (visited)
    Elf: Orc:2

Altars:
Ashenzari
Cheibriados
Dithmenos
Elyvilon
Fedhas
Gozag
Hepliaklqana
Kikubaaqudgha
Makhleb
Nemelex Xobeh
Okawaru
Qazlal
Ru
Sif Muna
Trog
Uskayaw
Vehumet
Wu Jian
Xom
Yredelemnul
Zin
The Shining One

Shops:
D:3 [   Orc:2 **


Innate Abilities, Weirdness & Mutations

You are a tree.
Your roots penetrate the ground, keeping you stationary.
You cannot be teleported.
You are immune to unholy pain and torment.
Your maximum health is greatly increased.
Your equipment is partially melded.
((You are mostly covered in yellow scales. (AC +3)))
You sometimes gain power by taking damage.
A meltable shield of frost defends you. (SH +4)
((Your touch may irresistibly damage your foes and sap their willpower.))


Message History

The phantasmal warrior is heavily damaged.
The phantasmal warrior hits you!!
* * * LOW HITPOINT WARNING * * *
Your willpower is stripped away!
You hit the phantasmal warrior.
The phantasmal warrior is heavily damaged.
The phantasmal warrior hits you but does no damage.
You hit the phantasmal warrior but do no damage.
The phantasmal warrior is heavily damaged.
You hit the phantasmal warrior but do no damage.
The phantasmal warrior is heavily damaged.
The phantasmal warrior hits you!
* * * LOW HITPOINT WARNING * * *
Okay, then.
Magic scrolls do not work when you're silenced!
You barely miss the phantasmal warrior.
The phantasmal warrior is heavily damaged.
The phantasmal warrior hits you but does no damage.
You closely miss the phantasmal warrior.
The phantasmal warrior is heavily damaged.
The phantasmal warrior hits you!
* * * LOW HITPOINT WARNING * * *
You hit the phantasmal warrior but do no damage.
The phantasmal warrior is heavily damaged.
The phantasmal warrior hits you but does no damage.
You closely miss the phantasmal warrior.
The phantasmal warrior is heavily damaged.
You block the phantasmal warrior's attack.
You hit the phantasmal warrior but do no damage.
The phantasmal warrior is heavily damaged.
The phantasmal warrior hits you but does no damage.
You hit the phantasmal warrior but do no damage.
The phantasmal warrior is heavily damaged.
The phantasmal warrior hits you!
* * * LOW HITPOINT WARNING * * *
Okay, then.
You hit the phantasmal warrior but do no damage.
The phantasmal warrior is heavily damaged.
The phantasmal warrior hits you!
You die...

... .... ... . .... .. ..
#+#+# #... . #.. #...# #..#
#....###...## #..########
#....P#.....# #..#......P
#.....##....# #..##.....+
#.[....†♣...# #..''...).#
##.....##W###.##..##.....#
#.....# #.######..##.....+
#....###'##P##...##.....#
#..?.............######'#
z....................######'#
.............................
#######P###################.#
### ###


You could see a phantasmal warrior.

Vanquished Creatures
  A hydra (Lair:1)
  An ogre mage (Orc:1)
  A boulder beetle (Orc:1)
  3 two-headed ogres
  A skeletal warrior (D:11)
  3 orc knights (Bailey)
  2 oklob plants (D:11)
  An orc sorcerer (Orc:2)
  A cyclops (Orc:2)
  2 ugly things (D:12)
  A manticore (D:12)
  Joseph (D:8)
  3 centaur zombies
  Maurice (Orc:2)
  A freezing wraith (D:12)
  2 unseen horrors
  4 trolls
  A hornet (D:9)
  8 slime creatures (D:12)
  A shadow (D:10)
  12 yaks
  A basilisk (D:12)
  A wyvern (D:11)
  A vampire (D:12)
  A warg (Orc:2)
  4 water moccasins
  18 orc warriors
  A sky beast (D:7)
  A necrophage (D:7)
  9 ogres
  4 centaurs
  A phantom (D:5)
  A kobold brigand (D:7)
  2 gnoll sergeants
  A scorpion (D:7)
  A wyvern zombie (D:5)
  2 bullfrogs
  A wyvern skeleton (D:7)
  A water moccasin skeleton (D:3)
  4 howler monkeys
  13 wights
  2 gnoll shamans
  A hound (D:4)
  14 orc priests
  A bullfrog skeleton (D:6)
  A jelly (D:6)
  Crazy Yiuf (D:2)
  Jessica (D:2)
  7 orc wizards
  A killer bee zombie (D:6)
  13 mummies (Ossuary)
  3 howler monkey zombies
  21 gnolls
  9 adders
  2 white imps
  An adder skeleton (D:4)
  2 worms (D:2)
  2 dart slugs (D:1)
  47 orcs
  3 bats
  2 endoplasms
  3 giant cockroaches
  12 goblins
  5 hobgoblins
  2 jackals (D:2)
  4 quokkas
  11 ball pythons
  4 frilled lizards
  2 gnoll skeletons (Ossuary)
  4 goblin skeletons (Ossuary)
  14 kobolds
  2 kobold skeletons (Ossuary)
  5 rats
  11 rat skeletons (Ossuary)
332 creatures vanquished.

Vanquished Creatures (others)
  A slime creature (D:12)
  15 bushes (D:11)
  488 foxfires
  4 fungi (Lair:1)
  12 plants
520 creatures vanquished.

Grand Total: 852 creatures vanquished

Notes
Turn   | Place    | Note
-------+----------+-------------------------------------------
     0 | D:1      | DemonSlayer the Demonspawn Fire Elementalist began the
                  | quest for the Orb.
     0 | D:1      | Reached XP level 1. HP: 13/13 MP: 3/3
     2 | D:1      | Noticed a draconian
     2 | D:1      | Noticed a troll
     4 | D:1      | Noticed a felid
     6 | D:1      | Noticed a naga
     8 | D:1      | Noticed a demigod
     8 | D:1      | Noticed a gargoyle
    10 | D:1      | Noticed a ghoul
    12 | D:1      | Noticed an octopode
    12 | D:1      | Noticed a minotaur
    14 | D:1      | Noticed a formicid
    14 | D:1      | Noticed a human
    16 | D:1      | Noticed a vine stalker
    18 | D:1      | Noticed an elf
    18 | D:1      | Noticed a spriggan
    21 | D:1      | Noticed a demonspawn
    23 | D:1      | Noticed a vampire
    23 | D:1      | Noticed a merfolk
    25 | D:1      | Noticed a tengu
    25 | D:1      | Noticed a dwarf
    27 | D:1      | Noticed an ogre
   560 | D:1      | Gained mutation: Your touch may inflict minor irresistible
                  | damage on your foes. [demonic ancestry]
   560 | D:1      | Reached XP level 2. HP: 13/19 MP: 1/5
   563 | D:1      | Learned a level 2 spell: Scorch
  1538 | D:2      | Found a runed translucent door.
  1539 | D:2      | Noticed Crazy Yiuf
  1651 | D:2      | You fall into a shaft and drop 2 floors!
  1678 | D:3      | Reached XP level 3. HP: 24/24 MP: 2/6
  2053 | D:2      | Noticed Jessica
  2056 | D:2      | Killed Jessica
  2193 | D:2      | Reached XP level 4. HP: 30/30 MP: 4/7
  2733 | D:2      | Killed Crazy Yiuf
  2819 | D:3      | Noticed a gnoll sergeant
  3035 | D:3      | Reached skill level 3 in Spellcasting
  3243 | D:2      | Gained mutation: Your touch may inflict irresistible damage
                  | on your foes. [demonic ancestry]
  3243 | D:2      | Reached XP level 5. HP: 35/35 MP: 4/9
  3334 | D:2      | Learned a level 3 spell: Conjure Flame
  3339 | D:2      | Learned a level 4 spell: Flame Wave
  4243 | D:3      | Found a shadowy altar of Dithmenos.
  4350 | D:3      | Reached skill level 1 in Fighting
  4350 | D:3      | Gained mutation: Your touch may irresistibly damage your
                  | foes and sap their willpower. [demonic ancestry]
  4350 | D:3      | Reached XP level 6. HP: 34/43 MP: 1/11
  4430 | D:3      | Found Xiguff's Armour Boutique.
  5371 | D:4      | HP: 2/43 [gnoll/+0 spear (8)]
  5372 | D:4      | Reached skill level 4 in Spellcasting
  5988 | D:4      | Learned a level 3 spell: Summon Guardian Golem
  6199 | D:5      | Entered Level 5 of the Dungeon
  6553 | D:5      | Noticed a water moccasin
  6557 | D:5      | Killed a water moccasin
  6558 | D:5      | Reached skill level 1 in Polearms
  6558 | D:5      | Gained mutation: You sometimes gain a little power by
                  | taking damage. [demonic ancestry]
  6558 | D:5      | Reached XP level 7. HP: 48/48 MP: 6/13
  7409 | D:6      | Reached skill level 5 in Spellcasting
  7409 | D:6      | Reached skill level 5 in Fire Magic
  7652 | D:6      | Found an ornate altar of the Wu Jian Council.
  7729 | D:6      | Gained mutation: A meltable shield of frost defends you.
                  | (SH +4) [demonic ancestry]
  7729 | D:6      | Reached XP level 8. HP: 35/56 MP: 7/16
  7895 | D:6      | Found an opulent altar of Gozag.
  8224 | D:6      | Learned a level 3 spell: Ozocubu's Armour
  8615 | D:7      | Found a sand-covered staircase.
  8619 | Ossuary  | Entered an ossuary
  8842 | Ossuary  | Reached skill level 6 in Spellcasting
 10071 | D:7      | Found a staircase to the Ecumenical Temple.
 10083 | D:7      | Reached skill level 7 in Spellcasting
 10086 | Temple   | Entered the Ecumenical Temple
 10834 | D:8      | Gained mutation: You sometimes gain power by taking damage.
                  | [demonic ancestry]
 10834 | D:8      | Reached XP level 9. HP: 61/61 MP: 14/20
 11159 | D:8      | Found a blossoming altar of Fedhas.
 11221 | D:8      | Found a stormy altar of Qazlal.
 11225 | D:8      | Found a snail-covered altar of Cheibriados.
 11227 | D:8      | Found a radiant altar of Vehumet.
 11231 | D:8      | Became a worshipper of Cheibriados the Contemplative
 11658 | D:7      | Learned a level 7 spell: Ozocubu's Refrigeration
 11834 | D:8      | Noticed Joseph
 11846 | D:8      | Killed Joseph
 11847 | D:8      | Reached skill level 8 in Spellcasting
 12520 | D:9      | Reached skill level 1 in Shields
 12529 | D:9      | Reached * piety under Cheibriados
 12661 | D:9      | Gained mutation: You are partially covered in yellow
                  | scales. (AC +2) [demonic ancestry]
 12661 | D:9      | Reached XP level 10. HP: 68/68 MP: 13/22
 12676 | D:9      | Reached skill level 9 in Spellcasting
 12696 | D:9      | Found a flagged portal.
 12709 | Bailey   | Entered a bailey
 13885 | Bailey   | Noticed an orc knight
 13885 | Bailey   | Noticed an orc knight
 13885 | Bailey   | Noticed an orc knight
 13974 | Bailey   | Killed an orc knight
 14030 | Bailey   | Killed an orc knight
 14037 | Bailey   | Killed an orc knight
 14038 | Bailey   | Reached skill level 1 in Evocations
 14236 | Bailey   | Reached skill level 1 in Short Blades
 14236 | Bailey   | Reached skill level 1 in Long Blades
 14236 | Bailey   | Reached skill level 1 in Axes
 14236 | Bailey   | Reached skill level 1 in Maces & Flails
 14236 | Bailey   | Reached skill level 1 in Staves
 14236 | Bailey   | Reached skill level 1 in Slings
 14236 | Bailey   | Reached skill level 1 in Bows
 14236 | Bailey   | Reached skill level 1 in Crossbows
 14236 | Bailey   | Reached skill level 1 in Throwing
 14236 | Bailey   | Reached skill level 1 in Armour
 14236 | Bailey   | Reached skill level 1 in Unarmed Combat
 14236 | Bailey   | Reached skill level 10 in Spellcasting
 14236 | Bailey   | Reached skill level 1 in Hexes
 14236 | Bailey   | Reached skill level 1 in Summonings
 14236 | Bailey   | Reached skill level 1 in Necromancy
 14236 | Bailey   | Reached skill level 1 in Translocations
 14236 | Bailey   | Reached skill level 1 in Transmutations
 14236 | Bailey   | Reached skill level 1 in Ice Magic
 14236 | Bailey   | Reached skill level 1 in Air Magic
 14236 | Bailey   | Reached skill level 1 in Earth Magic
 14236 | Bailey   | Reached skill level 1 in Poison Magic
 14236 | Bailey   | Reached skill level 1 in Invocations
 14236 | Bailey   | Reached XP level 11. HP: 75/75 MP: 23/25
 14254 | Bailey   | Learned a level 7 spell: Spellforged Servitor
 14435 | D:9      | Found a burning altar of Makhleb.
 14459 | D:9      | Reached ** piety under Cheibriados
 14944 | D:3      | Bought the +2 leather armour "Caqoton" {rC+ Stlth+} for 403
                  | gold pieces
 15178 | D:9      | Found a broken altar of Ashenzari.
 15746 | D:10     | Entered Level 10 of the Dungeon
 16433 | D:10     | Gained mutation: You are mostly covered in yellow scales.
                  | (AC +3) [demonic ancestry]
 16433 | D:10     | Reached XP level 12. HP: 75/82 MP: 10/26
 16664 | D:10     | Found a sacrificial altar of Ru.
 16741 | D:11     | Found a staircase to the Orcish Mines.
 16906 | D:11     | Noticed a death knight
 16970 | Orc:1    | Entered Level 1 of the Orcish Mines
 17000 | Orc:1    | Reached *** piety under Cheibriados
 17001 | Orc:1    | Noticed a two-headed ogre
 17011 | Orc:1    | Killed a two-headed ogre
 17031 | Orc:1    | Noticed a two-headed ogre
 17032 | Orc:1    | Noticed a two-headed ogre
 17196 | D:11     | Found a blossoming altar of Fedhas.
 17297 | D:11     | Reached skill level 11 in Spellcasting
 17312 | Orc:1    | Noticed an ogre mage
 17315 | Orc:2    | Entered Level 2 of the Orcish Mines
 17315 | Orc:2    | Noticed a two-headed ogre
 17315 | Orc:2    | Noticed a two-headed ogre
 17315 | Orc:2    | Noticed an ogre mage
 17315 | Orc:2    | Noticed a two-headed ogre
 17315 | Orc:2    | Noticed a two-headed ogre
 17315 | Orc:2    | Noticed a two-headed ogre
 17315 | Orc:2    | Noticed a two-headed ogre
 17315 | Orc:2    | Noticed a two-headed ogre
 17315 | Orc:2    | Found Naim's Assorted Antiques.
 17315 | Orc:2    | Found Louthaih's Assorted Antiques.
 17500 | Orc:1    | Killed an ogre mage
 17513 | Orc:2    | Killed a two-headed ogre
 17521 | Orc:2    | Reached skill level 10 in Fire Magic
 17526 | Orc:2    | Noticed Maurice
 17538 | Orc:2    | Killed Maurice
 17685 | Orc:2    | Reached **** piety under Cheibriados
 17806 | Orc:2    | Noticed an orc high priest
 17826 | Orc:1    | Killed a two-headed ogre
 18165 | Orc:1    | Noticed a boulder beetle
 18196 | Orc:1    | Killed a boulder beetle
 18341 | Orc:1    | Learned a level 3 spell: Stone Arrow
 18603 | D:12     | Reached skill level 5 in Shields
 18613 | D:12     | Reached ***** piety under Cheibriados
 19610 | D:12     | Noticed a death knight
 19927 | D:11     | Found a staircase to the Lair.
 20587 | D:11     | Reached XP level 13. HP: 82/90 MP: 12/28
 20689 | D:11     | Reached skill level 12 in Spellcasting
 20759 | Lair:1   | Entered Level 1 of the Lair of Beasts
 20766 | Lair:1   | HP: 1/90 [skeletal warrior/+0 quarterstaff[a death knight]
                  | (18)]
 21125 | Lair:1   | HP: 3/135 [phantasmal warrior[a death knight] (13)]
 21126 | Lair:1   | Mangled by a phantasmal warrior

Illustrated notes

Levels and vault maps discovered:
D:1:      kb_arrival_jail, layout_loops_ring
D:2:      layout_basic, uniq_crazy_yiuf_cottage, uniq_jessica
D:3:      layout_rooms, nicolae_dithmenos_through_a_glass_darkly, serial_shops,
          nicolae_shop_statue_plus
D:4:      layout_basic, st_stairs_1
D:5:      layout_cave_pools
D:6:      layout_loops_ring, mainiacjoe_overflow_six_doors_small,
          mainiacjoe_overflow_boulevard
D:7:      layout_loops_ring, minmay_temple_entry_mini_moons, serial_aquarium,
          aquarium_bridge_square [aquarium_subvault_bridge,
          aquarium_subvault_bridge, aquarium_subvault_wall,
          aquarium_subvault_bridge], aquarium_bridge_square
          [aquarium_subvault_bridge, aquarium_subvault_bridge,
          aquarium_subvault_window, aquarium_subvault_bridge],
          aquarium_window_fake, aquarium_window_2, aquarium_view_2a,
          aquarium_balcony_3a, nicolae_ossuary_entry_false_entrances,
          minivault_24
D:8:      layout_layer_cave, minitemple, uniq_joseph
D:9:      layout_roguey, mainiacjoe_overflow_paths, kennysheep_mini_moat,
          enter_bailey_5
D:10:     layout_loops_ring, nicolae_ru_the_path_less_chosen
D:11:     layout_basic, dpeg_oklobed_lair, orc_0_dummy,
          fedhas_bush_and_centaur_altar
D:12:     layout_long_grid, nicolae_underground_beach
Temple:   zaba_magenta_temple
Lair:1:   layout_regular_city, nzn_ghost_randoct
Orc:1:    layout_caves, rock_pile
Orc:2:    st_orc_open, layout_diamond_mine, uniq_maurice

Skill      XL: |  1  2  3  4  5  6  7  8  9 10 11 12 13 |
---------------+----------------------------------------+-----
Dodging        | 2 3 4 |  4.8
Stealth        | 2 3 4 |  4.1
Fire Magic     | 3 4 5 6 7 9 10 | 10.9
Conjurations   | 2 3 4 |  4.3
Spellcasting   | 3 4 5 7 8 10 11 12 | 12.0
Fighting       | 1 2 3 4 |  4.6
Polearms       | 1 2 3 |  3.9
Shields        | 1 3 5 |  5.8
Evocations     | 1 2 |  2.4
Short Blades   | 1 |  1.0
Long Blades    | 1 |  1.0
Axes           | 1 |  1.5
Maces & Flails | 1 |  1.0
Staves         | 1 |  1.0
Slings         | 1 |  1.0
Bows           | 1 |  1.0
Crossbows      | 1 |  1.0
Throwing       | 1 |  1.1
Armour         | 1 2 |  2.4
Unarmed Combat | 1 |  1.1
Hexes          | 1 2 |  2.0
Summonings     | 1 |  1.5
Necromancy     | 1 |  1.2
Translocations | 1 |  1.0
Transmutations | 1 |  1.0
Ice Magic      | 1 |  1.3
Air Magic      | 1 |  1.0
Earth Magic    | 1 |  1.6
Poison Magic   | 1 |  1.8
Invocations    | 1 |  1.5

Action                   |  1- 3 |  4- 6 |  7- 9 | 10-12 | 13-15 || total
-------------------------+-------+-------+-------+-------+-------++-------
Melee: Unarmed           |    14 |       |       |       |       ||    14
       Spear             |    25 |    82 |   123 |   152 |    32 ||   414
       Touch             |     4 |    11 |    13 |       |       ||    28
       Punch             |       |     1 |     1 |       |       ||     2
Throw: Throwing net      |       |     2 |     1 |     1 |       ||     4
 Cast: Foxfire           |    72 |    27 |     3 |   183 |     3 ||   288
       Scorch            |       |    54 |   196 |   209 |    17 ||   476
       Summon Guardian G |       |       |     1 |     4 |     1 ||     6
       Conjure Flame     |       |       |       |     8 |     1 ||     9
       Stone Arrow       |       |       |       |    35 |     2 ||    37
       Ozocubu's Armour  |       |       |       |     5 |     2 ||     7
       Flame Wave        |       |       |       |     2 |       ||     2
Evoke: Wand              |       |       |       |    32 |       ||    32
  Use: Scroll            |       |    12 |     9 |    11 |     2 ||    34
       Potion            |       |     3 |     2 |     8 |     5 ||    18
 Stab: Sleeping          |     2 |    12 |     1 |       |     1 ||    16
Armor: Robe              |     8 |     8 |    16 |     6 |       ||    38
       Skin              |       |    11 |       |       |    10 ||    21
       Leather armour    |       |       |       |    95 |     7 ||   102
Dodge: Dodged            |    20 |    50 |   109 |   200 |    20 ||   399
Block: Other             |       |       |     6 |       |       ||     6
       Buckler           |       |       |    43 |   179 |    18 ||   240
